 Dungeon Crawl Stone Soup version 0.30.1 (webtiles) character file.

Game seed: 2776961217660059523

20199 boopmooplesden the Fighter (level 12, -11/103 (110) HPs)
             Began as a Red Draconian Berserker on July 8, 2023.
             Was a High Priest of Trog.
             Killed from afar by a necromancer (40 damage)
             ... with a bolt of negative energy
             ... on level 13 of the Dungeon.
             The game lasted 00:17:02 (10233 turns).

boopmooplesden the Fighter (DrBe)                  Turns: 10233, Time: 00:17:03

HP:   -11/103 (110) AC: 10    Str: 25    XL:     12   Next: 43%
MP:   0/12          EV: 17    Int:  5    God:    Trog [*****.]
Gold: 612           SH: 14    Dex: 16    Spells: 11/11 levels left

rFire   + + .        v - +1 spear (venom)
rCold   + . .        w - +2 kite shield
rNeg    . . .        (body armour unavailable)
rPois   +            K - +1 hat
rElec   +            b - scarf of Inquiry {rC+ rF+, Rampage Str+2 Dex+3}
rCorr   +            F - +0 pair of gloves
SInv    +            (no boots)
Will    .....        D - amulet of Xywuapn {Spirit rElec Regen+ Int-2 SInv}
Stlth   +++          g - ring of poison resistance
HPRegen 1.17/turn    c - ring of resist corrosion
MPRegen 0.13/turn

%: guardian spirit, rampage
@: on berserk cooldown, slowed, studying Fighting, drained, very slow
A: breathe fire, AC +8, unfitting armour, fire resistance 1, cold-blooded
a: Breathe Fire, Renounce Religion, Berserk, Trog's Hand, Brothers in Arms


You were on level 13 of the Dungeon.
You worshipped Trog.
Trog was extremely pleased with you.
You visited 1 branch of the dungeon, and saw 12 of its levels.
You also visited: Bailey.

You collected 612 gold pieces.

Inventory:

Hand Weapons
 a - a +1 heavy halberd
 v - a +1 spear of venom (weapon)
 H - a +4 spear of freezing
 I - a +7 hand crossbow of flaming
 J - a +2 halberd of flaming
Missiles
 f - 14 boomerangs (quivered)
Armour
 b - the scarf of Inquiry (worn) {rC+ rF+, Rampage Str+2 Dex+3}
   (You acquired it on level 1 of the Dungeon)

   Str:       It affects your strength (+2).
   Dex:       It affects your dexterity (+3).
   Rampage:   It bestows one free step when moving towards enemies.
 w - a +2 kite shield (worn)
 F - a +0 pair of gloves (worn)
 K - a +1 hat (worn)
Jewellery
 c - a ring of resist corrosion (right hand)
 g - a ring of poison resistance (left hand)
 o - a ring of protection from fire
 s - a ring of ice
 u - an amulet of reflection
 D - the amulet of Xywuapn (around neck) {Spirit rElec Regen+ Int-2 SInv}
   (You found it in a bailey)

   [amulet of guardian spirit]

   It causes incoming damage to be divided between your reserves of health and
   magic.
   Int:       It affects your intelligence (-2).
   rElec:     It insulates you from electricity.
   SInv:      It lets you see invisible.
   Regen:     It increases your rate of health regeneration.
Wands
 t - a wand of paralysis (13)
 x - a wand of roots (10)
 G - a wand of mindburst (4)
 N - a wand of flame (10)
 O - a wand of polymorph (4)
Scrolls
 e - 4 scrolls of teleportation
 h - 6 scrolls of identify
 l - 3 scrolls of vulnerability
 n - 2 scrolls of amnesia
 r - a scroll of brand weapon
 y - a scroll of fear
 z - 2 scrolls of fog
 L - a scroll of poison
Potions
 d - a potion of berserk rage
 i - 2 potions of lignification
 j - 5 potions of mutation
 k - a potion of invisibility
 m - 3 potions of attraction
 p - 2 potions of degeneration
 q - 3 potions of heal wounds
 A - 2 potions of might
 B - 5 potions of haste
 C - 2 potions of brilliance
 E - a potion of resistance
 M - a potion of curing


   Skills:
 + Level 11.5 Fighting
 + Level 11.3 Polearms
 + Level 0.6 Throwing
 + Level 10.1 Dodging
 + Level 4.7 Stealth
 + Level 11.1 Shields


You had 11 spell levels left.
You didn't know any spells.
Your spell library was empty.

Dungeon Overview and Level Annotations

Branches:
Dungeon (11/15)            Temple (0/1) D:4             Orc (0/2) D:10
 Bailey (visited)
   Lair: D:8-11

Altars:
Cheibriados
Qazlal
Sif Muna

Shops:
D:9 (

Annotations:
D:9 2 runed translucent doors


Innate Abilities, Weirdness & Mutations

You can breathe blasts of fire.
Your fiery red scales are hard. (AC +8)
You cannot fit into any form of body armour.
Your flesh is heat resistant. (rF+)
You are cold-blooded and may be slowed by cold attacks.


Message History

A vault guard comes into view. It is wielding a +0 great sword.
You block the vault guard's attack.
The necromancer casts a spell.
The necromancer binds the souls of nearby monsters.
The human barely misses you.
The vault guard shouts!
You hit the vault guard.
The vault guard is almost dead.
You hit the vault guard.
The vault guard looks as sick as possible!
The vault guard is almost dead.
You hit the vault guard but do no damage.
The vault guard looks as sick as possible!
You tail-slap the vault guard.
You kill the vault guard!
Trog accepts your kill.
A freezing mist starts to gather...
A vault guard simulacrum comes into view.
The human misses you.
Your life force feels restored.
You rampage towards the necromancer!
You puncture the necromancer!
The necromancer is poisoned.
The necromancer is moderately wounded.
You hit the necromancer. You tail-slap the necromancer!
The necromancer is severely wounded.
The necromancer points at you and mumbles some strange words.
Your body is wracked with pain!
You barely miss the vault guard simulacrum.
The vault guard simulacrum misses you. You block the human's attack.
You feel a strong urge to attack something.
You feel your anger nearly subside.
You are no longer berserk.
You are exhausted.
You feel yourself slow down.
The necromancer points at you and mumbles some strange words.
Your body is wracked with pain!
* * * LOW HITPOINT WARNING * * *
The necromancer points at you and mumbles some strange words.
The bolt of negative energy hits you!!!
You feel drained.
You die...

..S~~~......
#.......~~~~.##
#.~~~~~.≈≈~~...
#.~≈≈≈~.~≈~~.#
##.~≈≈≈≈.~~~~.#
#..≈~~~~.≈~≈~.# ....
#...?.........###....
#))##)...............
##.)).?@.p...........
####...............$
#......Z.........
#......p.........
#†)).)...........
#####.)..##''p#######
#........#.....#
#........#.....'..
#........#..⌠..'..⌠


You could see a vault guard (soul bound), a necromancer (very poisoned), a human
(soul bound) and a vault guard simulacrum.

Vanquished Creatures
  Gastronok (D:9)
  A hydra (D:9)
  A vault guard (D:13)
  2 centaur warriors
  4 two-headed ogres
  A boulder beetle (D:11)
  A wizard (D:13)
  A necromancer (D:13)
  A manticore (D:10)
  Joseph (D:9)
  Maggie (D:9)
  A yaktaur (D:13)
  A troll (D:9)
  A hornet (shapeshifter) (D:9)
  2 wyverns
  A wraith (D:9)
  19 yaks
  13 humans (D:13)
  6 vampire mosquitoes
  A steam dragon (D:6)
  Menkaure (D:7)
  3 water moccasins
  3 sky beasts (D:6)
  An ice beast (D:5)
  4 ogres
  6 orc warriors
  5 centaurs
  A phantom (D:6)
  3 kobold brigands
  2 bullfrogs
  A gnoll sergeant (D:9)
  A wight (D:9)
  21 killer bees
  2 howler monkeys (D:13)
  7 hounds
  5 orc priests
  4 iguanas
  10 orc wizards
  14 gnolls
  10 adders
  3 white imps
  An ufetubus (D:5)
  A worm (D:3)
  3 dart slugs
  32 orcs
  4 bats
  5 endoplasms
  3 giant cockroaches
  12 goblins
  14 hobgoblins
  10 ball pythons
  6 frilled lizards
  14 kobolds
  3 rats
275 creatures vanquished.

Vanquished Creatures (collateral kills)
  An orc warlord (Bailey)
  An orc warrior (Bailey)
  A kobold (Bailey)
3 creatures vanquished.

Vanquished Creatures (others)
  An orc (D:6)
1 creature vanquished.

Grand Total: 279 creatures vanquished

Notes
Turn   | Place    | Note
-------+----------+-------------------------------------------
     0 | D:1      | boopmooplesden the Draconian Berserker began the quest for
                  | the Orb.
     0 | D:1      | Reached XP level 1. HP: 19/19 MP: 1/1
   197 | D:1      | Reached XP level 2. HP: 22/26 MP: 2/2
   390 | D:1      | Found a faded altar of an unknown god.
   589 | D:1      | Identified a scroll of acquirement
   589 | D:1      | Acquired the scarf of Inquiry {rC+ rF+, Rampage Str+2
                  | Dex+3}
   695 | D:2      | Reached XP level 3. HP: 23/33 MP: 3/3
   838 | D:2      | Reached ** piety under Trog
  1723 | D:3      | Reached XP level 4. HP: 40/40 MP: 4/4
  1855 | D:3      | Reached skill level 1 in Stealth
  2380 | D:4      | Found a staircase to the Ecumenical Temple.
  2405 | D:4      | Reached XP level 5. HP: 46/46 MP: 5/5
  2557 | D:4      | Found a stormy altar of Qazlal.
  2557 | D:4      | Found a shimmering blue altar of Sif Muna.
  2557 | D:4      | Found a snail-covered altar of Cheibriados.
  2807 | D:4      | Reached *** piety under Trog
  3071 | D:4      | Reached XP level 6. HP: 40/52 MP: 6/6
  3364 | D:5      | Entered Level 5 of the Dungeon
  3376 | D:5      | Noticed an ice beast
  3393 | D:5      | Killed an ice beast
  3599 | D:5      | Reached skill level 5 in Polearms
  3611 | D:5      | Your scales start taking on a fiery red colour.
  3611 | D:5      | Reached XP level 7. HP: 21/60 MP: 7/7
  3611 | D:5      | Gained mutation: Your flesh is heat resistant. (rF+) [Red
                  | Draconian growth]
  3793 | D:5      | Reached skill level 1 in Shields
  3995 | D:5      | Reached skill level 5 in Fighting
  4101 | D:5      | Identified the +2 buckler "Binodgh" {Rampage rC+++ Str-3
                  | Dex-4}
  4412 | D:6      | Reached skill level 5 in Dodging
  4608 | D:6      | Noticed a steam dragon
  4630 | D:6      | Reached XP level 8. HP: 64/68 MP: 8/8
  5362 | D:6      | Reached **** piety under Trog
  5551 | D:7      | Found a flagged portal.
  5572 | Bailey   | Entered a bailey
  5577 | Bailey   | Noticed an orc warlord
  5635 | Bailey   | Reached XP level 9. HP: 75/75 MP: 9/9
  5653 | Bailey   | Reached skill level 5 in Shields
  5657 | Bailey   | Found a runed translucent gate.
  5658 | Bailey   | Found a runed translucent gate.
  5876 | Bailey   | Found a runed translucent gate.
  5904 | Bailey   | Killed an orc warlord
  5925 | Bailey   | Identified the +2 dagger of Radicalism {spect, MP+9 Int+2
                  | Dex+2}
  5936 | Bailey   | Identified the amulet of Xywuapn {Spirit rElec Regen+ Int-2
                  | SInv}
  5957 | D:7      | Acquired a manual of Fighting
  6373 | D:7      | Noticed Menkaure
  6381 | D:7      | Killed Menkaure
  6765 | D:8      | Identified the +1 scale mail "Domoulymi" {Will+ Str+8
                  | Int-3}
  7028 | D:8      | Noticed a two-headed ogre
  7042 | D:8      | Killed a two-headed ogre
  7043 | D:8      | Reached XP level 10. HP: 67/86 MP: 4/10
  7202 | D:8      | Noticed a two-headed ogre
  7212 | D:8      | Killed a two-headed ogre
  8014 | D:9      | Found a large runed translucent door.
  8014 | D:9      | Found a large runed translucent door.
  8014 | D:9      | Noticed a seven-headed hydra
  8014 | D:9      | Noticed a centaur warrior
  8048 | D:9      | Found a large runed translucent door.
  8048 | D:9      | Found a large runed translucent door.
  8108 | D:9      | Noticed a two-headed ogre
  8116 | D:9      | Killed a two-headed ogre
  8123 | D:9      | Reached XP level 11. HP: 81/97 MP: 6/11
  8186 | D:9      | Noticed Maggie
  8203 | D:9      | Killed Maggie
  8206 | D:9      | Noticed Gastronok
  8237 | D:9      | Killed Gastronok
  8238 | D:9      | Reached skill level 10 in Polearms
  8417 | D:9      | Found Meyf's Weapon Boutique.
  8422 | D:9      | Noticed Joseph
  8425 | D:9      | Noticed a two-headed ogre
  8434 | D:9      | Killed Joseph
  8443 | D:9      | Killed a two-headed ogre
  8628 | D:9      | Reached skill level 10 in Fighting
  8824 | D:9      | Reached ***** piety under Trog
  9069 | D:9      | Killed a centaur warrior
  9076 | D:9      | Killed a seven-headed hydra
  9077 | D:9      | Reached skill level 10 in Shields
  9130 | D:9      | Identified the staff of conjuration "Amia" {rN+ Str+5}
  9163 | D:10     | Entered Level 10 of the Dungeon
  9341 | D:10     | Found a staircase to the Orcish Mines.
  9913 | D:11     | Noticed a boulder beetle
  9930 | D:11     | Killed a boulder beetle
  9931 | D:11     | Reached XP level 12. HP: 108/108 MP: 12/12
  9933 | D:11     | You fall into a shaft and drop 2 floors!
  9973 | D:13     | Noticed a centaur warrior
  9989 | D:13     | Killed a centaur warrior
 10204 | D:13     | Reached skill level 10 in Dodging
 10212 | D:13     | Noticed a vault guard
 10221 | D:13     | Noticed a vault guard
 10224 | D:13     | Killed a vault guard
 10233 | D:13     | Killed from afar by a necromancer

Illustrated notes

Levels and vault maps discovered:
D:1:      wander_arrival_estate, layout_rooms, ebering_ecumenical_altar_webs,
          minmay_vboxes
D:2:      minmay_diamond_boxcup, layout_loops_ring, grunt_ministairs_5,
          minmay_tripent
D:3:      layout_basic
D:4:      layout_basic, gammafunk_temple_overflow_forgotten,
          minmay_temple_entry_large_hall
D:5:      layout_rooms, grunt_decor_fettered, saegor_snake_ambush
D:6:      layout_cave_pools
D:7:      layout_cave_pods, enter_bailey_3, uniq_menkaure
D:8:      layout_layer_cave
D:9:      layout_small_grid, serial_shops, shop, minmay_hollow_rounded_squares,
          uniq_maggie, uniq_joseph, uniq_gastronok
D:10:     layout_gridville, orc_0_dummy
D:11:     layout_gridville, lair_entry_dummy, special_room [special_room_orc],
          uniq_snorg, uniq_psyche
D:13:     wad_arrow_thing, layout_rooms, grunt_vaults_entry_tiered,
          interstate_on_off, minivault_14

Skill      XL: |  1  2  3  4  5  6  7  8  9 10 11 12 |
---------------+-------------------------------------+-----
Dodging        | 3 4 5 6 7 9 10 | 10.1
Fighting       | 4 5 7 9 10 11 | 11.5
Stealth        | 1 2 3 4 |  4.7
Polearms       | 4 5 6 7 8 9 10 11 | 11.3
Shields        | 2 4 7 8 10 11 | 11.1
Throwing       | |  0.6

Action                     |  1- 3 |  4- 6 |  7- 9 | 10-12 || total
---------------------------+-------+-------+-------+-------++-------
  Melee: Spear             |   130 |   130 |   362 |   697 ||  1319
         Tailslap          |    22 |    20 |    48 |   136 ||   226
         Punch             |     1 |       |       |       ||     1
  Throw: Boomerang         |       |       |     3 |       ||     3
 Invoke: Berserk           |       |     3 |     6 |     9 ||    18
         Brothers in Arms  |       |       |     1 |       ||     1
         Trog's Hand       |       |       |       |     1 ||     1
Ability: Breathe Fire      |       |       |     1 |       ||     1
  Evoke: Wand              |       |       |       |     1 ||     1
    Use: Scroll            |     3 |     6 |     4 |    14 ||    27
         Potion            |     1 |       |       |     1 ||     2
   Stab: Sleeping          |     6 |     3 |     6 |     2 ||    17
         Distracted        |       |       |     1 |       ||     1
 Armour: Skin              |    46 |    37 |    73 |   127 ||   283
  Dodge: Dodged            |    85 |    72 |   178 |   376 ||   711
  Block: Kite shield       |       |    29 |   280 |   477 ||   786
         Reflection        |       |       |     4 |       ||     4
